AoeStats
← tinus14714

Arena

510525617Analyzed
1v1 RM · 2d ago on Oct 1, 2026· 42m 25s· 2 players
Game mode
Random Map
Map size
Tiny (2 player)
Population
200
Speed
Normal
Resources
Standard
Victory
Conquest
Starting age
Dark Age
Ending age
Imperial Age
RankedLock teamsTeams togetherTeam positionsShared explorationLock speedFull tech treeHidden civsTurbo modeCheats
Victory
Defeat
🇿🇦 Poles · South Africa
953
+17
🇷🇴 Lithuanians · Romania
966
-17
tinus14714
11:26 Feudal Age
11:47 Horse Collar
11:54 Double-Bit Axe
21:01 Castle Age
19:19 Fletching
21:48 Forging
21:22 Pikeman
21:25 Elite Skirmisher
23:04 Iron Casting
32:38 Imperial Age
33:19 Elite Obuch
36:39 Scale Mail Armor
37:37 Cavalier
Alexandru
11:00 Feudal Age
14:51 Castle Age
13:23 Double-Bit Axe
17:13 Gold Mining
18:17 Scale Barding Armor
19:06 Forging
22:14 Husbandry
22:26 Bloodlines
23:46 Crossbowman
25:45 Chain Barding Armor
28:54 Fletching
30:50 Wheelbarrow
40:26 Imperial Age
40:08 Iron Casting
39:20 Horse Collar
39:56 Bow Saw
40:58 Ballistics
41:21 Cavalier
Connection lost

Rejoining the realm…

Still unreachable

The connection could not be restored.

Session expired

The server has moved on; the page needs a fresh start.